 Dungeon Crawl Stone Soup version 0.25.0-37-gb73750e0fb (webtiles) character file.

Game seed: 2231661992388424104

90 ANON1729 the Skirmisher (level 4, 0/37 HPs)
             Began as a Formicid Abyssal Knight on July 9, 2020.
             Was a Believer of Lugonu.
             Slain by a jackal (1 damage)
             ... on level 3 of the Dungeon.
             The game lasted 00:04:59 (3052 turns).

ANON1729 the Skirmisher (Formicid Abyssal Knight)   Turns: 3052, Time: 00:05:00

Health: 0/37       AC:  3    Str: 17    XL:     4   Next: 85%
Magic:  6/6        EV: 11    Int: 12    God:    Lugonu [**....]
Gold:   58         SH:  0    Dex: 10    Spells: 3/3 levels left

rFire    . . .     SeeInvis +   h - +0 dagger (venom)
rCold    + . .     Gourm    .   (no shield)
rNeg     . . .     Faith    .   b - +0 leather armour
rPois    .         Spirit   .   (helmet unavailable)
rElec    .         Reflect  .   (no cloak)
rCorr    .         Harm     .   (no gloves)
MR       .....                  (no boots)
Stlth    ++........             (no amulet)
HPRegen  0.12/turn              (no ring)
MPRegen  0.10/turn              (no ring)

@: lethally poisoned (0 -> -2), stab
A: permanent stasis, dig shafts and tunnels, four strong arms, antennae 3,
camouflage 1, cold resistance 1, MP-powered wands
a: Dig, Shaft Self, Depart the Abyss, Bend Space, Renounce Religion


You were on level 3 of the Dungeon.
You worshipped Lugonu.
Lugonu was pleased with you.
You were not hungry.

You visited 1 branch of the dungeon, and saw 3 of its levels.
You visited the Abyss 1 time.

You collected 58 gold pieces.

Inventory:

Hand Weapons
 a - a +1 short sword
 h - a +0 dagger of venom (weapon)
Missiles
 d - 6 atropa-tipped darts (quivered)
 l - 18 poisoned darts
Armour
 b - a +0 leather armour (worn)
Scrolls
 e - a scroll of noise {unknown}
 g - 2 scrolls of identify {unknown}
 j - a scroll of fog {unknown}
 k - 2 scrolls of remove curse {unknown}
 m - a scroll of enchant weapon {unknown}
Potions
 f - 2 potions of flight
 i - a potion of mutation
 n - a potion of stabbing
Comestibles
 c - 3 rations


   Skills:
 + Level 3.9 Fighting
 + Level 2.7 Short Blades
 + Level 3.0 Armour
 + Level 1.7 Dodging
 + Level 3.1 Invocations


You had 3 spell levels left.
You didn't know any spells.
Your spell library was empty.

Dungeon Overview and Level Annotations

Branches:
Dungeon (3/15)

Altars:
Elyvilon
Vehumet


Innate Abilities, Weirdness & Mutations

You cannot be hasted, slowed, berserked, paralysed or teleported.
You can dig through walls and to a lower floor.
Your four strong arms can wield two-handed weapons with a shield.
You have a pair of large antennae on your head. (SInv)
Your skin changes colour to match your surroundings (Stealth+).
Your flesh is cold resistant. (rC+)
You expend magic power (3 MP) to strengthen your wands.


Message History

The jackal misses you.
The jackal bites you but does no damage.
The jackal bites you.
* * * LOW HITPOINT WARNING * * *
You hit the jackal.
You kill the jackal!
Lugonu accepts your kill. The jackal closely misses you.
You barely miss the jackal.
* * * LOW HITPOINT WARNING * * *
You feel sick.
The jackal bites you but does no damage.
You hit the jackal.
The jackal is poisoned.
The jackal is heavily wounded.
The jackal misses you. The jackal bites you.
* * * LOW HITPOINT WARNING * * *
You closely miss the jackal.
The jackal is heavily wounded.
The jackal bites you.
You die...

.. ..# .. #..#....
#..#.#. #.....
####.##.#
#.....†.##### #
#.##........#
#.#.##..#h##>.#
#.#)##..$h@#.
#.................
###.###.#.##..###.
#.......# ..#
##.###.###...?. .#
.........##########
###.###.#.##
#....## ##.....##


You could see 2 jackals.

Vanquished Creatures
  4 adders
  2 worms
  A dart slug (D:1)
  A leopard gecko (D:2)
  9 bats
  2 giant cockroaches
  5 goblins
  5 hobgoblins
  2 jackals (D:3)
  2 quokkas
  3 frilled lizards (D:1)
  7 kobolds
  3 rats
46 creatures vanquished.

Notes
Turn   | Place    | Note
-------+----------+-------------------------------------------
     0 | Abyss:1  | ANON1729 the Formicid Abyssal Knight began the quest for
                  | the Orb.
     0 | Abyss:1  | Reached XP level 1. HP: 18/18 MP: 2/2
   202 | Abyss:1  | Found a corrupted altar of Lugonu.
   209 | Abyss:1  | Noticed an iron dragon skeleton
   214 | D:1      | Escaped the Abyss
   254 | D:1      | Reached skill level 1 in Dodging
   513 | D:1      | Reached XP level 2. HP: 7/24 MP: 3/3
  1121 | D:1      | Reached XP level 3. HP: 23/29 MP: 4/4
  1576 | D:1      | Reached ** piety under Lugonu
  2190 | D:2      | Found a white marble altar of Elyvilon.
  2218 | D:2      | Found a radiant altar of Vehumet.
  2260 | D:2      | Reached XP level 4. HP: 33/37 MP: 6/6
  3045 | D:3      | Gained mutation: Your skin changes colour to match your
                  | surroundings (Stealth+). [potion of mutation]
  3045 | D:3      | Gained mutation: You expend magic power (3 MP) to
                  | strengthen your wands. [potion of mutation]
  3045 | D:3      | Gained mutation: Your flesh is cold resistant. (rC+)
                  | [potion of mutation]
  3051 | D:3      | HP: 1/37 [jackal (1)]
  3052 | D:3      | Slain by a jackal

Illustrated notes

Levels and vault maps discovered:
D:1:      dpeg_arrival_brainrot, layout_basic, kennysheep_decorative_pillar,
          minmay_close_crescents
D:2:      layout_basic, old_standard_altar, fiery_altar_vehumet
D:3:      layout_loops_cross, first_ration

Skill      XL: |  1  2  3  4 |
---------------+-------------+-----
Dodging        | 1 |  1.7
Invocations    | 3 |  3.1
Armour         | 3 |  3.0
Fighting       | |  3.9
Short Blades   | |  2.7

Action                   |  1- 3 |  4- 6 || total
-------------------------+-------+-------++-------
Melee: Short sword       |    94 |       ||    94
       Dagger            |    37 |    55 ||    92
Throw: Dart              |     3 |       ||     3
 Abil: Dig               |     2 |       ||     2
  Use: Potion            |     2 |     2 ||     4
 Stab: Invisible         |     1 |       ||     1
  Eat: Chunk             |     4 |     3 ||     7
Armor: Leather armour    |    50 |    20 ||    70
Dodge: Dodged            |   101 |    30 ||   131
